 Dungeon Crawl Stone Soup version 0.20.1-1-g8b1a95d66d (webtiles) character file.

199 Jannitor the Ruffian (level 5, -5/47 HPs)
             Began as a Ghoul Chaos Knight on Dec 8, 2017.
             Killed by divine providence
             ... invoked by an orc priest
              (11 damage)
             ... on level 3 of the Dungeon.
             The game lasted 00:03:19 (2040 turns).

Jannitor the Ruffian (Ghoul Chaos Knight)           Turns: 2040, Time: 00:03:19

Health: -5/47      AC:  6    Str: 15 (16) XL:     5   Next: 77%
Magic:  0/4        EV: 11    Int:  7      God:    Xom [*.....]
Gold:   212        SH:  0    Dex:  9      Spells: 4/4 levels left

rFire    . . .     SeeInvis .     - Unarmed
rCold    + . .     Gourm    .   (no shield)
rNeg     + + +     Faith    .   r - +1 ring mail {MR+}
rPois    ∞         Spirit   +   (no helmet)
rElec    .         Reflect  .   p - scarf {Spirit}
rCorr    .         Harm     .   (no gloves)
MR       +....                  (no boots)
Stlth    ..........             j - amulet of magic regeneration
Regen    0.0/turn               (no ring)
MPRegen  0.2/turn               (no ring)

@: flying, rotting, hasted, very quick
A: rotting body, claws 1, carnivore 3, cold resistance 1, negative energy
resistance 3, inhibited regeneration, torment resistance, unbreathing
a: Renounce Religion


You were on level 3 of the Dungeon.
You worshipped Xom.
You were a special plaything of Xom.
You were not hungry.

You visited 1 branch of the dungeon, and saw 3 of its levels.

You collected 212 gold pieces.

Inventory:

Armour
 a - a +2 leather armour
 p - a scarf of spirit shield (worn)
 r - a +1 ring mail of magic resistance (worn)
Jewellery
 j - an amulet of magic regeneration (around neck)
Wands
 q - a wand of confusion (37/48)
Scrolls
 d - a scroll of amnesia {unknown}
 e - a scroll of immolation {unknown}
 g - 2 scrolls of remove curse {unknown}
 i - 4 scrolls of identify {unknown}
 o - a scroll of enchant armour {unknown}
Potions
 f - a potion of haste
 h - a potion of mutation
 m - a potion of flight
 n - a potion of might
Comestibles
 b - 2 meat rations
 l - 2 royal jellies


   Skills:
 + Level 4.7 Fighting
 - Level 1.7 Armour
 + Level 2.8 Dodging
 + Level 4.9 Unarmed Combat


You had 4 spell levels left.
You didn't know any spells.

Dungeon Overview and Level Annotations

Branches:
Dungeon (3/15)

Altars:


Innate Abilities, Weirdness & Mutations

Your body is rotting away.
You thrive on raw meat.
You are immune to poison.
You have sharp fingernails.
You are carnivorous and can eat meat at any time.
Your flesh is cold resistant. (rC+)
You are immune to negative energy. (rN+++)
You do not regenerate when monsters are visible.
You are immune to unholy pain and torment.
You can survive without breathing.


Message History

Your butterfly disappears in a puff of smoke!
It was a potion of curing.
You feel better. The orc priest hits you.
* * * LOW HITPOINT WARNING * * *
Okay, then.
Unknown command.
Unknown command.
You claw the orc priest!
You kill the orc priest!
You feel your dexterity returning.
You scratch the orc priest.
The orc priest is lightly wounded.
The orc priest closely misses you.
You scratch the orc priest.
The orc priest is heavily wounded.
Your ring mail prevents you from hitting the orc priest.
The orc priest is heavily wounded.
Your butterfly disappears in a puff of smoke!
The orc priest calls down the wrath of Beogh upon you.
Beogh smites you!
You die...

. ..... 5 5 #.##.#.##
.P#..#.#.....#
..#..#.......'
.'.P#.....§#
P#..##.....## ###
#...##.....#5 5 ..# o
#...##%##@# ## ####
#.# #.......#o##.#
#... #.#
#............# #.##
#)# #.P(####.%.### #.#
..# #...# #...# #.#
#.# #..## #...########
#.# ### P...
#...##.....#####.##
..#..
#...#........##...#
#88.#..
####...#.......#.....#


You could see an orc priest.

Vanquished Creatures
  An orc priest (D:3)
  The ghost of fartsinmyface the Sneak, a weakling FeEn (D:3)
  Ijyb (D:3)
  3 adders
  3 oozes
  A worm (D:2)
  3 dart slugs
  4 leopard geckos
  8 orcs (D:3)
  2 giant cockroaches
  8 goblins
  6 hobgoblins
  6 kobolds
  A quokka (D:2)
  3 bats (D:1)
  2 frilled lizards
  5 rats
58 creatures vanquished.

Notes
Turn   | Place    | Note
-------+----------+-------------------------------------------
     0 | D:1      | Jannitor the Ghoul Chaos Knight began the quest for the Orb.
     0 | D:1      | Reached XP level 1. HP: 19/19 MP: 0/0
    43 | D:1      | Reached skill level 1 in Dodging
   106 | D:1      | Reached XP level 2. HP: 20/26 MP: 1/1
   125 | D:1      | XOM: potion effect (brilliance)
   257 | D:1      | Reached XP level 3. HP: 26/31 MP: 2/2
   712 | D:2      | Reached XP level 4. HP: 38/40 MP: 3/3
   792 | D:2      | XOM: silly message
   911 | D:2      | XOM is BORED!
   911 | D:2      | XOM: harmless Air miscast
  1463 | D:2      | XOM: harmless Air miscast
  1571 | D:3      | XOM: stealth player
  1645 | D:3      | XOM: harmless Air miscast
  1883 | D:3      | Noticed Ijyb
  1884 | D:3      | XOM: potion effect (agility)
  1904 | D:3      | XOM: harmless Hex miscast
  1909 | D:3      | Killed Ijyb
  1909 | D:3      | Reached XP level 5. HP: 41/47 MP: 4/4
  1993 | D:3      | Noticed fartsinmyface's ghost (weakling FeEn)
  2007 | D:3      | XOM: cast spell 'Summon Butterflies'
  2008 | D:3      | XOM: divination: detect creatures
  2020 | D:3      | Killed fartsinmyface's ghost
  2030 | D:3      | XOM: divination: detect creatures
  2040 | D:3      | Killed from afar by an orc priest

Skill      XL: |  1  2  3  4 |
---------------+-------------+-----
Dodging        | 1 2 |  2.8
Unarmed Combat | 4 |  4.9
Fighting       | 4 |  4.7
Armour         | |  1.7

Action                   |  1- 3 |  4- 6 || total
-------------------------+-------+-------++-------
Melee: Unarmed           |    81 |   139 ||   220
       Punch             |       |     3 ||     3
  Use: Potion            |       |     4 ||     4
  Eat: Chunk             |     1 |    13 ||    14
Armor: Leather armour    |    26 |    18 ||    44
       Ring mail         |       |     6 ||     6
Dodge: Dodged            |    59 |    77 ||   136
